 Dungeon Crawl Stone Soup version 0.28.0-45-g0d030f2227 (webtiles) character file.

Game seed: 8044032320247527283

11236 pkoi the Zephyrmancer (level 11, -8/88 HPs)
             Began as a Demigod Air Elementalist on Apr 11, 2022.
             Mangled by a catoblepas (9 damage)
             ... while petrified by a catoblepas
             ... on level 2 of the Lair of Beasts.
             The game lasted 00:26:17 (23538 turns).

pkoi the Zephyrmancer (Demigod Air Elementalist)   Turns: 23538, Time: 00:26:17

Health: -8/88      AC:  4    Str:  9    XL:     11   Next: 23%
Magic:  9/25       EV:  2    Int: 35    God:
Gold:   840        SH:  0    Dex: 14    Spells: 4/24 levels left

rFire   . . .      SeeInvis .   K - staff of poison
rCold   . . .      Faith    .   (no shield)
rNeg    + + +      Spirit   .   a - +0 robe
rPois   ∞          Reflect  +   h - +0 helmet
rElec   .          Harm     .   (no cloak)
rCorr   .          Rampage  .   g - +0 pair of gloves
Will    +....                   (no boots)
Stlth   ++........              b - amulet of reflection
HPRegen 0.24/turn               o - +4 ring of evasion
MPRegen 0.19/turn               w - +6 ring of intelligence

@: petrified, very slightly contaminated
A: high MP 1, forlorn, divine attributes
a: no special abilities


You were on level 2 of the Lair of Beasts.
You visited 3 branches of the dungeon, and saw 13 of its levels.

You collected 840 gold pieces.

Inventory:

Hand Weapons
 c - the +9 staff of Wucad Mu {*channel}
   (You acquired it on level 1 of the Lair of Beasts)

   It occasionally powers its wielder's spells, but with a chance of causing
   confusion or draining the wielder's intelligence.
   It becomes more likely to activate and less likely to backfire with increased
   Evocations skill.
 e - a +3 dagger of speed
Missiles
 d - 3 throwing nets
 m - 4 curare-tipped darts
Armour
 a - a +0 robe (worn)
 g - a +0 pair of gloves (worn)
 h - a +0 helmet (worn)
Magical Staves
 K - a staff of poison (weapon)
Jewellery
 b - an amulet of reflection (around neck)
 k - a ring of poison resistance
 l - a ring of protection from fire
 o - a +4 ring of evasion (left hand)
 r - a ring of protection from cold
 w - a +6 ring of intelligence (right hand)
 J - an amulet of regeneration
Wands
 i - a wand of acid (2)
 q - a wand of polymorph (5)
 s - a wand of flame (42)
 H - a wand of iceblast (4)
Scrolls
 f - 3 scrolls of fog
 n - 3 scrolls of teleportation
 y - a scroll of blinking
 A - 2 scrolls of magic mapping
 C - a scroll of brand weapon
 D - a scroll of fear
 F - a scroll of enchant weapon
 M - 2 scrolls of identify
Potions
 j - 3 potions of curing
 p - a potion of lignification
 u - 2 potions of flight
 v - 2 potions of attraction
 x - a potion of magic
 z - a potion of invisibility
 B - 2 potions of brilliance
 E - 2 potions of haste
 I - a potion of berserk rage {unknown}
Miscellaneous
 L - a condenser vane


   Skills:
 + Level 5.4 Fighting
 + Level 5.7 Dodging
 - Level 1.7 Stealth
 + Level 5.4 Shields
 - Level 7.0 Spellcasting
 + Level 2.4 Conjurations
 + Level 2.0 Translocations
 + Level 10.7 Air Magic
 + Level 2.5 Poison Magic
 + Level 2.9 Evocations


You had 4 spell levels left.
You knew the following spells:

 Your Spells              Type           Power      Damage    Failure   Level
a - Shock                 Conj/Air       100%       1d9       1%          1
b - Static Discharge      Conj/Air       55%        N/A       1%          2
c - Swiftness             Air            72%        N/A       1%          3
d - Airstrike             Air            36%        N/A       1%          4
e - Olgreb's Toxic Radia  Pois           44%        N/A       12%         4
f - Iskenderun's Mystic   Conj/Tloc      27%        2d7       14%         4
g - Poisonous Vapours     Pois/Air       100%       N/A       1%          2

Your spell library contained the following spells:

 Spells                   Type           Power      Damage    Failure   Level
 Corpse Rot               Necr/Air       98%        N/A       1%          2
 Sublimation of Blood     Necr           12%        N/A       4%          2
 Gell's Gravitas          Tloc           26%        N/A       4%          3
 Lesser Beckoning         Tloc           26%        N/A       4%          3
 Teleport Other           Tloc           26%        N/A       4%          3
 Dazzling Flash           Conj/Hex       40%        N/A       6%          3
 Tukima's Dance           Hex            12%        N/A       10%         3
 Anguish                  Hex/Necr       6%         N/A       32%         4
 Starburst                Conj/Fire      10%        6d5       97%         6
 Enfeeble                 Hex            6%         N/A       100%        7
 Ozocubu's Refrigeration  Ice            6%         4d6       100%        7
 Ignition                 Fire           6%         3d4       100%        8


Dungeon Overview and Level Annotations

Branches:
Dungeon (9/15)             Temple (1/1) D:5            Lair (3/6) D:9
 Spider (0/4) Lair:2
  Swamp: Lair:2-4    Shoals: Lair:2-4       Orc: D:9-12

Shops:
D:6 (   D:7 [

Annotations:
D:2 Pikel
D:3 Grinder
D:4 2 transporters, TickTock's ghost, weakling MiBe
D:8 Gastronok; Harold
Lair:1 1 runed translucent door, TickTock's ghost, novice MiBe


Innate Abilities, Weirdness & Mutations

You have an increased reservoir of magic. (+10% MP)
You shall have no god before yourself.
Your divine heritage dramatically boosts your attributes as you level up.


Message History

The blink frog is moving more slowly.
The blink frog hits you!
* * * LOW HITPOINT WARNING * * *
The blink frog is engulfed in calcifying dust.
The blink frog stops moving altogether!
The blink frog is engulfed in calcifying dust. x3
The blink frog is engulfed in calcifying dust. x2
Casting: Poisonous Vapours (safe; 1% risk of failure)
Confirm with . or Enter, or press ? or * to list all spells.
You erupt in a blast of force!
The mystic blast hits the catoblepas.
The catoblepas is lightly wounded.
The catoblepas is knocked back by the mystic blast.
Unknown command.
The catoblepas breathes a plume of calcifying dust at you.
The blast of calcifying dust hits you.
* * * LOW HITPOINT WARNING * * *
Casting: Iskenderun's Mystic Blast (dangerous; 14% risk of failure)
Confirm with . or Enter, or press ? or * to list all spells.
You miscast Iskenderun's Mystic Blast.
You are very lightly contaminated with residual magic.
Nothing appears to happen.
You are engulfed in calcifying dust.
You are slowing down.
The catoblepas gores you!!
* * * LOW HITPOINT WARNING * * *
Your limbs are stiffening.
Unknown command.
Casting: Iskenderun's Mystic Blast (dangerous; 14% risk of failure)
Confirm with . or Enter, or press ? or * to list all spells.
You erupt in a blast of force!
The mystic blast hits the plant!
The plant begins to die.
The plant is lightly damaged.
The mystic blast hits the catoblepas.
The catoblepas is lightly wounded.
The catoblepas is knocked back by the mystic blast.
You have turned to stone.
The catoblepas gores you!
* * * LOW HITPOINT WARNING * * *
A nearby plant withers and dies.
The catoblepas gores you!!
* * * LOW HITPOINT WARNING * * *
The catoblepas gores you!!
You die...

### ##### ####.## ######...##
##.#...## ##### #.##.##.#..
##.......###.#P### #.#.##.##.#
#......##.###....#####.#.####...
##....#.###..####..##.....####...
#..P#.####...###......P...##.#P..
#....####.....###...F###......§Y.
#.....##........@Y..>####...§..#§
#...##................###.§Y#####
##...##..#.............#....##
#...##.#...................P#
#..##.....###.#.##P.##.#....#
##...#...################...#
#....##.#.# #.###### ##...###.:##
###.#.## #...#####.## ##..##


You could see a catoblepas and a blink frog (petrified, poisoned).

Vanquished Creatures
  A catoblepas (Lair:2)
  A two-headed ogre (D:8)
  A death yak (Lair:2)
  Urug (Lair:1)
  Maggie (D:7)
  3 elephants (Lair:2)
  2 cane toads (Lair:2)
  A komodo dragon (D:9)
  A meliai (Lair:2)
  4 blink frogs (Lair:2)
  A wyvern (D:8)
  Sigmund (D:5)
  A basilisk (Lair:1)
  Grum (D:7)
  A steam dragon (D:9)
  Menkaure (D:7)
  4 water moccasins
  3 orc warriors
  A necrophage (D:7)
  14 wolves
  2 ogres
  3 centaurs
  2 phantoms (D:5)
  4 lemures (D:4)
  A kobold brigand (D:7)
  8 bullfrogs
  4 scorpions
  A water moccasin zombie (D:5)
  4 killer bees (Lair:2)
  3 wights (D:7)
  4 howler monkeys
  An electric eel (Lair:1)
  A lava snake (D:7)
  A centaur zombie (D:5)
  2 jellies
  8 orc priests
  A bullfrog skeleton (D:7)
  A gnoll shaman (D:4)
  4 hounds
  An iron imp (D:7)
  Natasha (thrice) (D:4)
  4 iguanas
  10 orc wizards
  5 adders
  6 gnolls
  A white imp (D:7)
  An ufetubus (D:5)
  An adder skeleton (D:4)
  A worm (D:2)
  3 dart slugs
  34 orcs
  6 endoplasms
  4 giant cockroaches (D:2)
  6 goblins
  7 hobgoblins
  4 jackals
  15 kobolds
  5 quokkas
  12 ball pythons
  9 bats
  2 frilled lizards
  12 rats
251 creatures vanquished.

Vanquished Creatures (collateral kills)
  A gnoll (D:5)
1 creature vanquished.

Vanquished Creatures (others)
  A kobold brigand (D:9)
  A kobold (D:9)
  A quokka (D:4)
  30 fungi
  44 plants
77 creatures vanquished.

Grand Total: 329 creatures vanquished

Notes
Turn   | Place    | Note
-------+----------+-------------------------------------------
     0 | D:1      | pkoi the Demigod Air Elementalist began the quest for the
                  | Orb.
     0 | D:1      | Reached XP level 1. HP: 14/14 MP: 5/5
    51 | D:1      | Reached skill level 3 in Air Magic
   520 | D:1      | Reached XP level 2. HP: 20/20 MP: 2/7
  1137 | D:1      | Learned a level 2 spell: Static Discharge
  1614 | D:1      | Reached XP level 3. HP: 21/26 MP: 3/8
  1727 | D:1      | Reached skill level 4 in Air Magic
  2740 | D:2      | Reached XP level 4. HP: 33/33 MP: 5/9
  3507 | D:2      | Reached skill level 5 in Air Magic
  3964 | D:3      | Learned a level 3 spell: Swiftness
  4195 | D:3      | Noticed Grinder
  4198 | D:3      | Paralysed by Grinder for 3 turns
  4428 | D:4      | Noticed Pikel
  4431 | D:4      | Noticed a lemure
  4432 | D:4      | Noticed a lemure
  4433 | D:4      | Noticed a lemure
  4433 | D:4      | Noticed a lemure
  4887 | D:4      | Reached XP level 5. HP: 34/38 MP: 5/10
  5184 | D:4      | Noticed an orc warrior
  5612 | D:4      | Reached skill level 6 in Air Magic
  5887 | D:4      | Noticed Natasha
  5897 | D:4      | Killed Natasha
  5998 | D:4      | Noticed Natasha
  6015 | D:4      | Killed Natasha
  6057 | D:4      | Noticed Natasha
  6065 | D:4      | Killed Natasha
  6143 | D:4      | Noticed an ogre
  6205 | D:4      | Reached XP level 6. HP: 26/45 MP: 4/11
  7402 | D:4      | Reached skill level 7 in Air Magic
  7554 | D:4      | Noticed TickTock's ghost (weakling MiBe)
  7610 | D:4      | Found a transporter.
  7611 | D:4      | Found a transporter.
  7801 | D:4      | Reached XP level 7. HP: 50/50 MP: 7/14
  7839 | D:4      | Learned a level 4 spell: Airstrike
  8313 | D:4      | Got Sif Muna's Catalogue of Unholy Rites
  8743 | D:5      | Entered Level 5 of the Dungeon
  9487 | D:5      | Found a staircase to the Ecumenical Temple.
  9495 | Temple   | Entered the Ecumenical Temple
  9630 | D:5      | Reached skill level 8 in Air Magic
  9821 | D:5      | Reached XP level 8. HP: 57/57 MP: 5/18
 10342 | D:5      | Noticed Sigmund
 10346 | D:5      | Killed Sigmund
 10347 | D:5      | Reached skill level 5 in Spellcasting
 11445 | D:6      | Found Etoikk's Weapon Boutique.
 12006 | D:6      | Reached skill level 9 in Air Magic
 12434 | D:7      | Noticed Menkaure
 12445 | D:7      | Killed Menkaure
 12693 | D:7      | Found Orol's Antique Armour Shoppe.
 13131 | D:7      | Reached skill level 1 in Shields
 13134 | D:7      | Reached skill level 1 in Fighting
 13221 | D:7      | Reached XP level 9. HP: 64/64 MP: 8/22
 14189 | D:7      | Noticed Maggie
 14199 | D:7      | Killed Maggie
 15356 | D:8      | Noticed a two-headed ogre
 15360 | D:8      | Noticed Gastronok
 15361 | D:8      | Killed a two-headed ogre
 16136 | D:8      | Noticed Harold
 16766 | D:8      | Noticed Grum
 16942 | D:7      | Killed Grum
 16943 | D:7      | Reached skill level 10 in Air Magic
 17115 | D:9      | Reached XP level 10. HP: 77/77 MP: 15/24
 17283 | D:9      | Noticed a skeletal warrior
 17508 | D:9      | Found a staircase to the Lair.
 17814 | Lair:1   | Entered Level 1 of the Lair of Beasts
 17932 | Lair:1   | Found a runed translucent door.
 17932 | Lair:1   | Noticed TickTock's ghost (novice MiBe)
 18077 | Lair:1   | Noticed Urug
 18123 | Lair:1   | Killed Urug
 18352 | Lair:1   | Identified a scroll of acquirement
 18353 | Lair:1   | Acquired the +9 staff of Wucad Mu {*channel}
 18353 | Lair:1   | Found the +9 staff of Wucad Mu {*channel}
 19088 | Lair:2   | Noticed a catoblepas
 19295 | Lair:1   | Reached skill level 1 in Evocations
 19650 | Lair:2   | Reached skill level 5 in Dodging
 19835 | Lair:2   | Learned a level 4 spell: Olgreb's Toxic Radiance
 20091 | Lair:2   | Reached skill level 1 in Poison Magic
 20211 | Lair:2   | Learned a level 4 spell: Iskenderun's Mystic Blast
 20264 | Lair:2   | Reached skill level 1 in Conjurations
 20627 | Lair:2   | Noticed an elephant
 20630 | Lair:2   | Reached skill level 5 in Fighting
 21029 | Lair:1   | Learned a level 2 spell: Poisonous Vapours
 21150 | Lair:2   | Noticed an elephant
 21152 | Lair:2   | Noticed an elephant
 21166 | Lair:2   | Killed an elephant
 21167 | Lair:2   | Reached skill level 5 in Shields
 21215 | Lair:2   | Killed an elephant
 21216 | Lair:2   | Reached skill level 1 in Translocations
 21218 | Lair:2   | Killed an elephant
 21573 | Lair:2   | Found a hole to the Spider Nest.
 21629 | Lair:2   | Reached XP level 11. HP: 86/86 MP: 16/25
 21967 | Lair:2   | Killed a catoblepas
 22707 | Lair:3   | Noticed a death yak
 22912 | Lair:2   | Killed a death yak
 23327 | Lair:3   | Noticed a catoblepas
 23537 | Lair:2   | HP: 1/88 [catoblepas (12)]
 23538 | Lair:2   | Mangled by a catoblepas

Illustrated notes

Levels and vault maps discovered:
D:1:      giann_horns, layout_rooms, dk_noncrumbling_4, serial_bayou_pond_a
D:2:      minmay_skewed_foursquare, layout_loops_cross,
          shapermc_ecumenical_altar_mp_urbaneastern, basic_altar,
          chequers_arboretum, small_statue_intersection
D:3:      layout_rooms, overflow_temple_1_default, serial_bayou_pond_d,
          uniq_grinder
D:4:      layout_loops_ring, nzn_overflow_gifts_of_might_and_magic,
          elyvilon_altar_4, mainiacjoe_overflow_surrounded_room,
          gammafunk_ghost_gnarly_gnolls, eino_curves_04,
          minmay_increasing_density, uniq_pikel, uniq_natasha
D:5:      layout_basic, minmay_temple_entry_wispy,
          minmay_misc_feat_more_columns, glass_columns_b,
          hangedman_decor_riveting, uniq_sigmund
D:6:      layout_gridville, nicolae_hepliaklqana_ecumenical_no_more,
          serial_shops, nicolae_lakefront_shop
D:7:      layout_gridville, chei_slow_surprise, serial_shops, shop,
          kennysheep_generic_room_5, uniq_menkaure, uniq_maggie
D:8:      layout_rooms, general_overflow_altar, fedhas_altar_2,
          xom_shifter_show, hangedman_ru_absence, uniq_gastronok, uniq_grum,
          uniq_maurice, uniq_harold
D:9:      layout_rooms, nicolae_qazlal_scattered_showers, old_standard_altar,
          david_lair_shrubbed
Temple:   dpeg_three_leaves_temple
Lair:1:   layout_chaotic_city, hellmonk_ghost_happy_afterlife,
          serial_bayou_shore_b, infiniplex_staircase_pool, lemuel_fruit_tree,
          uniq_urug
Lair:2:   layout_layer_cave, hellmonk_spider_entry_not_the_bees
Lair:3:   nzn_winding_woodlands_stair_trap [nzn_winding_woodlands_5x15_twine,
          nzn_winding_woodlands_5x15_sawtooth, nzn_winding_woodlands_5x15_cabin,
          nzn_winding_woodlands_15x15_eel_pit,
          nzn_winding_woodlands_5x15_longhouse,
          nzn_winding_woodlands_5x15_garden,
          nzn_winding_woodlands_5x15_crooked], layout_chaotic_city,
          infiniplex_staircase_pool_2, serial_bayou_shore_b

Skill      XL: |  1  2  3  4  5  6  7  8  9 10 11 |
---------------+----------------------------------+-----
Air Magic      | 3 4 5 6 7 8 9 10 | 10.7
Spellcasting   | 3 4 6 7 |  7.0
Dodging        | 2 4 5 |  5.7
Shields        | 1 3 5 |  5.4
Fighting       | 1 3 5 |  5.4
Evocations     | 2 |  2.9
Poison Magic   | 2 |  2.5
Conjurations   | 1 2 |  2.4
Translocations | 1 2 |  2.0
Stealth        | |  1.7

Action                   |  1- 3 |  4- 6 |  7- 9 | 10-12 || total
-------------------------+-------+-------+-------+-------++-------
Melee: Dagger            |    37 |       |    20 |     2 ||    59
       Quarterstaff      |    12 |    31 |     3 |       ||    46
       Staff             |       |       |       |    28 ||    28
       Double sword      |       |       |       |     1 ||     1
       Punch             |       |       |       |     1 ||     1
 Cast: Shock             |    96 |   180 |     3 |       ||   279
       Airstrike         |       |       |   188 |    74 ||   262
       Poisonous Vapours |       |       |       |    31 ||    31
       Static Discharge  |       |       |       |     4 ||     4
       Iskenderun's Myst |       |       |       |     4 ||     4
       Olgreb's Toxic Ra |       |       |       |     1 ||     1
Evoke: Wand              |       |       |     2 |       ||     2
  Use: Scroll            |       |     5 |    10 |     8 ||    23
       Potion            |       |     1 |       |       ||     1
 Stab: Sleeping          |       |       |       |     2 ||     2
Armor: Robe              |    15 |    14 |     5 |    12 ||    46
Dodge: Dodged            |    38 |    56 |    36 |    66 ||   196
Block: Other             |       |    12 |    18 |    15 ||    45
       Reflection        |       |       |     2 |       ||     2
